 Dungeon Crawl Stone Soup version 0.31-a0-574-g69dc8cc98e (webtiles) character file.

Game seed: 16972777582524959874

153 javelincjr the Conjurer (level 5, -5/31 HPs)
             Began as an Octopode Conjurer on Aug 18, 2023.
             Slain by Crazy Yiuf
             ... wielding a +2 quarterstaff of chaos
              (7 damage)
             ... on level 3 of the Dungeon.
             The game lasted 00:08:19 (3457 turns).

javelincjr the Conjurer (Octopode Conjurer)         Turns: 3457, Time: 00:08:20

Health: -5/31      AC:  2    Str:  6    XL:     5   Next: 35%
Magic:  1/9        EV: 13    Int: 23    God:
Gold:   138        SH:  0    Dex: 10    Spells: 4/9 levels left

rFire   . . .        y - +2 dagger (speed)
rCold   . . .        (no shield)
rNeg    . . .        p - +1 hat
rPois   .            (no amulet)
rElec   .            n - +4 ring of slaying
rCorr   .            (no ring)
SInv    .            (no ring)
Will    .....        (no ring)
Stlth   +++          (no ring)
HPRegen 0.25/turn    (no ring)
MPRegen 0.11/turn    (no ring)
                     (no ring)

%: no passive effects
@: very slightly contaminated
A: almost no armour, amphibious, 8 rings, camouflage 1, gelatinous body 1,
(nimble swimmer 1), tentacles
a: no special abilities


You were on level 3 of the Dungeon.
You visited 1 branch of the dungeon, and saw 3 of its levels.

You collected 138 gold pieces.

Inventory:

Hand Weapons
 b - a +0 spear
 y - a +2 dagger of speed (weapon)
Missiles
 d - 2 silver javelins
 h - 2 curare-tipped darts
 z - a throwing net
Armour
 p - a +1 hat (worn)
Jewellery
 n - a +4 ring of slaying (left tentacle)
 A - a ring of wizardry
Talismans
 s - a dragon-blood talisman
Scrolls
 c - a scroll of butterflies {unknown}
 e - a scroll of enchant armour {unknown}
 g - 2 scrolls of identify {unknown}
 l - a scroll of immolation {unknown}
 m - a scroll of acquirement {unknown}
 o - 3 scrolls of poison {unknown}
 t - a scroll of vulnerability {unknown}
 w - a scroll of teleportation {unknown}
Potions
 a - a potion of magic
 f - a potion of attraction {unknown}
 i - 2 potions of enlightenment {unknown}
 j - 5 potions of curing {unknown}
 k - a potion of heal wounds {unknown}
 q - a potion of berserk rage {unknown}
 r - a potion of invisibility {unknown}
 u - 2 potions of brilliance {unknown}
 v - a potion of cancellation {unknown}
 x - a potion of might {unknown}


   Skills:
 + Level 3.0 Dodging
 + Level 4.2 Stealth
 + Level 2.8 Spellcasting
 + Level 4.6 Conjurations
 + Level 1.1 Shapeshifting


You had 4 spell levels left.
You knew the following spells:

 Your Spells              Type           Power      Damage    Failure   Level
a - Magic Dart            Conj           96%        1d7       1%          1
b - Searing Ray           Conj           48%        2d6       2%          2
c - Scorch                Fire           6%         2d5       19%         2

Your spell library contained the following spells:

 Spells                   Type           Power      Damage    Failure   Level
 Dazzling Flash           Conj/Hex       26%        N/A       14%         3
 Flame Wave               Conj/Fire      13%        2d6       41%         4
 Fulminant Prism          Conj/Hex       6%         3d7       41%         4
 Iskenderun's Mystic Bla  Conj/Tloc      13%        2d5       41%         4
 Summon Cactus Giant      Summ           1%         N/A       100%        6


Dungeon Overview and Level Annotations

Branches:
Dungeon (3/15)

Altars:
Okawaru

Annotations:
D:3 Crazy Yiuf


Innate Abilities, Weirdness & Mutations

You cannot wear most types of armour.
You are amphibious.
You can wear up to eight rings at the same time.
Your skin changes colour to match your surroundings (Stealth+).
Your rubbery body absorbs attacks. (AC +1, EV +1)
((You are camouflaged when in or above water. (Stealth+)))
You have tentacles for arms and can constrict up to eight enemies at once.


Message History

Casting: Magic Dart (safe; 1% risk of failure)
Confirm with . or Enter, or press ? or * to list all spells.
Okay, then.
No reachable target in view!
Could not explore, unopened runed door.
You can't see any susceptible monsters within range! (Use Z to cast anyway.) No reachable target in view!
No reachable target in view!
No reachable target in view!
You start memorising the spell.
You continue memorising.
Crazy Yiuf says, "Fluff!"
You continue memorising.
You finish memorising.
Spell assigned to 'c'.
Okay, then.
You open the door.
Casting: Magic Dart (safe; 1% risk of failure)
Confirm with . or Enter, or press ? or * to list all spells.
You miscast Scorch.
You are very lightly contaminated with residual magic.
Nothing appears to happen.
Crazy Yiuf hits you with a +2 quarterstaff of chaos!
You are electrocuted!
Ouch! That really hurt!
* * * LOW HITPOINT WARNING * * *
Casting: Scorch (safe; 19% risk of failure)
Confirm with . or Enter, or press ? or * to list all spells.
Flames lash Crazy Yiuf.
Crazy Yiuf is moderately wounded.
Crazy Yiuf's fire resistance burns away.
Crazy Yiuf closely misses you.
Casting: Scorch (safe; 19% risk of failure)
Confirm with . or Enter, or press ? or * to list all spells.
Flames lash Crazy Yiuf.
Crazy Yiuf is burned terribly!
Crazy Yiuf is almost dead.
Crazy Yiuf barely misses you.
Casting: Scorch (safe; 19% risk of failure)
Confirm with . or Enter, or press ? or * to list all spells.
You miscast Scorch.
Nothing appears to happen.
Crazy Yiuf hits you with a +2 quarterstaff of chaos!
You die...

.....................##...##
##################...####..###
##..........# #########
############ ........#
#####.######### #.##.#..#.###
### #........#..##...#
##......####@g...# ##..#.##
###..)# ###### ###


You could see Crazy Yiuf (combustible).

Vanquished Creatures
  A scorpion (D:3)
  An adder (D:3)
  3 gnolls (D:3)
  2 dart slugs (D:1)
  4 ball pythons
  2 endoplasms
  3 giant cockroaches
  3 goblins
  2 hobgoblins (D:1)
  5 jackals
  4 quokkas
  4 bats
  2 frilled lizards
  6 kobolds
  5 rats
47 creatures vanquished.

Notes
Turn   | Place    | Note
-------+----------+-------------------------------------------
     0 | D:1      | javelincjr the Octopode Conjurer began the quest for the
                  | Orb.
     0 | D:1      | Reached XP level 1. HP: 11/11 MP: 3/3
   237 | D:1      | Reached XP level 2. HP: 17/17 MP: 1/5
   284 | D:1      | Learned a level 2 spell: Searing Ray
   921 | D:1      | Reached XP level 3. HP: 21/21 MP: 3/6
  2458 | D:3      | Noticed a scorpion
  2462 | D:3      | Killed a scorpion
  2463 | D:3      | Reached XP level 4. HP: 27/27 MP: 1/8
  2528 | D:3      | Found an iron altar of Okawaru.
  2628 | D:3      | Reached skill level 1 in Shapeshifting
  2628 | D:3      | Reached XP level 5. HP: 26/31 MP: 1/9
  2826 | D:3      | Found a runed translucent door.
  2827 | D:3      | Noticed Crazy Yiuf
  3193 | D:3      | Found a faded altar of an unknown god.
  3453 | D:3      | Learned a level 2 spell: Scorch
  3454 | D:3      | HP: 1/31 [Crazy Yiuf/+2 quarterstaff of chaos (17)]
  3457 | D:3      | Slain by Crazy Yiuf

Illustrated notes

Levels and vault maps discovered:
D:1:      elethiomel_arrival_infinity_welcomes_careful_drivers,
          layout_loops_ring, minmay_indecisive_spiral
D:2:      layout_basic, corexii_shack
D:3:      layout_rooms, mainiacjoe_overflow_surrounded_room,
          shapermc_ecumenical_altar_pompeii, uniq_crazy_yiuf_cottage

Skill      XL: |  1  2  3  4  5 |
---------------+----------------+-----
Stealth        | 3 4 |  4.2
Shapeshifting  | 1 |  1.1
Dodging        | 3 |  3.0
Spellcasting   | |  2.8
Conjurations   | |  4.6

Action                     |  1- 3 |  4- 6 || total
---------------------------+-------+-------++-------
  Melee: Spear             |    12 |     9 ||    21
         Constrict         |     1 |     3 ||     4
         Tentacles         |       |     3 ||     3
         Dagger            |       |     1 ||     1
   Cast: Magic Dart        |    45 |    21 ||    66
         Searing Ray       |     1 |     3 ||     4
         Scorch            |       |     2 ||     2
   Stab: Sleeping          |       |     1 ||     1
  Dodge: Dodged            |    13 |     7 ||    20

Table legend: (Time is in decaauts)
 A = Elapsed time spent in this place.
 B = Non-inter-level travel time spent in this place.
 C = Inter-level travel time spent in this place.
 D = Time resting spent in this place.
 E = Time spent auto-exploring this place.
 F = Levels seen in this place.
 G = Mean time per level.
                   A        B        C        D        E       F      G
               +--------+--------+--------+--------+--------+-----+--------+
         Total |   3457 |   3324 |    133 |      0 |   3041 |   3 | 1152.3 |
       Dungeon |   3457 |   3324 |    133 |      0 |   3041 |   3 | 1152.3 |
               +--------+--------+--------+--------+--------+-----+--------+

Top non-repeatable levels by time:
     D:2: 1307 daAuts
     D:1: 1164 daAuts
     D:3: 986 daAuts
